 Dungeon Sprint DCSS version 0.30-a0-122-g2a1322497e (webtiles) character file.

Game seed: 13204378826304933969

14767 123456 the Warrior (level 11, -17/189 HPs)
             Began as a Minotaur Fighter on Sept 16, 2022.
             Was the Champion of Okawaru.
             Demolished by an orc knight
             ... wielding a +1 great mace
              (19 damage)
             ... in the Dungeon (Sprint IX: "|||||||||||||||||||||||||||||").
             The game lasted 00:04:30 (2352 turns).

123456 the Warrior (Minotaur Fighter)               Turns: 2352, Time: 00:04:31

Health: -17/189    AC: 21    Str: 24    XL:     11   Next: 93%
Magic:  8/14       EV: 15    Int:  7    God:    Okawaru [******]
Gold:   1262       SH:  5    Dex: 17    Spells: 10/10 levels left

rFire   . . .      SeeInvis .    n - +2 morningstar "Pireddia" {holy, Contam rElec rPois Stlth+}
rCold   . . .      Faith    .    c - +0 buckler
rNeg    . . .      Spirit   .    o - +3 chain mail
rPois   +          Reflect  .    (helmet restricted)
rElec   +          Harm     .    (no cloak)
rCorr   .          Rampage  .    a - +2 pair of gloves
Will    .....      NoTele   +    v - +0 pair of boots
Stlth   ..........               (no amulet)
HPRegen 0.41/turn                q - +3 ring of intelligence
MPRegen 0.14/turn                p - +3 ring of dexterity

@: mighty, berserking, studying Ice Magic, very quick
A: horns 2, retaliatory headbutt, strong 1, wild magic 1
a: Renounce Religion, Heroism, Finesse


You were in the Dungeon.
You worshipped Okawaru.
Okawaru was exalted by your worship.
You visited 1 branch You collected 1262 gold pieces.

Inventory:

Hand Weapons
 n - the +2 morningstar "Pireddia" (weapon) {holy, Contam rElec rPois Stlth+}
   (You found it in the Dungeon)

   It has been blessed by the Shining One to cause great damage to the undead
   and demons.
   rElec:     It insulates you from electricity.
   rPois:     It protects you from poison.
   Contam:    It causes magical contamination when unequipped.
   Stlth:     It makes you more stealthy.
Armour
 a - a +2 pair of gloves (worn)
 c - a +0 buckler (worn)
 o - a +3 chain mail (worn)
 v - a +0 pair of boots (worn)
Jewellery
 p - a +3 ring of dexterity (right hand)
 q - a +3 ring of intelligence (left hand)
Wands
 m - a wand of light (10)
Scrolls
 j - 4 scrolls of blinking
 l - 2 scrolls of amnesia
 r - a scroll of identify
 t - 2 scrolls of enchant weapon
 u - a scroll of fear
Potions
 b - a potion of resistance
 g - a potion of haste
 h - 4 potions of magic
 k - a potion of invisibility
 s - a potion of brilliance


   Skills:
 * Level 20.7 Fighting
 * Level 20.3 Maces & Flails
 + Level 15.1 Armour
 + Level 13.5 Dodging
 - Level 3.6 Shields
 + Level 5.6 Invocations


You had 10 spell levels left.
You didn't know any spells.
Your spell library contained the following spells:

 Spells                   Type           Power      Damage    Failure   Level
 Dazzling Flash           Conj/Hex       0%         N/A       100%        3
 Iskenderun's Mystic Bla  Conj/Tloc      0%         2d3       100%        4
 Starburst                Conj/Fire      0%         6d3       100%        6


Dungeon Overview and Level Annotations

Branches:
Dungeon (1/1)

Altars:
Cheibriados
Dithmenos
Elyvilon
Fedhas
Gozag
Hepliaklqana
Kikubaaqudgha
Makhleb
Nemelex Xobeh
Okawaru
Qazlal
Ru
Sif Muna
Trog
Uskayaw
Vehumet
Wu Jian
Xom
Yredelemnul
Zin
The Shining One
Jiyva
Lugonu

Shops:
D ?*:?


Innate Abilities, Weirdness & Mutations

You have a pair of horns on your head.
You reflexively headbutt those who attack you in melee.
Your muscles are strong. (Str +4, Int/Dex -1)
Your spells are a little harder to cast, but a little more powerful.


Message History

You headbutt the rust devil.
The rust devil is heavily wounded.
The orc high priest says, "Oblivion to the unbeliever."
You bludgeon the rust devil!!
You kill the rust devil!
The rust devil disappears in a puff of smoke!
The orc high priest invokes the aid of Beogh against you.
Pain shoots through your body!
* * * LOW HITPOINT WARNING * * *
The orc high priest hits you with a +0 mace!
* * * LOW HITPOINT WARNING * * *
There is an entrance to Ryrchig's Assorted Antiques here.
You bludgeon the orc high priest!!
The orc high priest is heavily wounded.
You bludgeon the orc high priest!! You headbutt the orc high priest.
You kill the orc high priest!
Okawaru accepts your kill.
The neqoxec disappears in a puff of smoke!
You feel like a meek peon again.
You impale the orc knight!!
The orc knight is heavily wounded.
The orc knight no longer looks unusually strong.
You block the orc knight's attack.
You barely miss the orc knight.
The orc knight is heavily wounded.
You block the orc knight's attack.
You feel better.
The orc knight hits you with a +1 great mace!
* * * LOW HITPOINT WARNING * * *
You feel better. You block the orc knight's attack.
A red film seems to cover your vision as you go berserk!
You feel yourself moving faster!
You feel mighty!
The orc knight hits you with a +1 great mace!
* * * LOW HITPOINT WARNING * * *
You puncture the orc knight!
The orc knight is severely wounded.
You hit the orc knight.
The orc knight is severely wounded.
The orc knight hits you with a +1 great mace!!
You die...

_________'..)..[..[').)...[......
▓▓▓▓▓▓▓▓▓▓▓▓▓▓▓▓▓▓▓▓▓▓▓▓▓▓▓▓▓▓▓▓▓
.................................
▓▓▓▓▓▓▓▓▓▓▓▓▓▓▓▓▓▓▓▓▓▓▓▓▓▓▓▓▓▓▓▓▓
.........'........[..['..[.[[..'.
▓▓▓▓▓▓▓▓▓▓▓▓▓▓▓▓▓▓▓▓▓▓▓▓▓▓▓▓▓▓▓▓▓
.................................
▓▓▓▓▓▓▓▓▓▓▓▓▓▓▓▓▓▓▓▓▓▓▓▓▓▓▓▓▓▓▓▓▓
).......))))$)∩)@oo.∩...
▓▓▓▓▓▓▓▓▓▓▓▓▓▓▓▓▓▓▓▓▓▓▓▓


You could see 2 orc knights.

Vanquished Creatures
  A catoblepas (D)
  8 orc high priests (D)
  2 lindwurms (D)
  5 orc knights (D)
  A deep elf pyromancer (D)
  3 cane toads (D)
  4 komodo dragons (D)
  A troll (D)
  2 tyrant leeches (D)
  2 vampires (D)
  A wraith (D)
  2 yaks (D)
  2 basilisks (D)
  A vampire mosquito (D)
  5 water moccasins (D)
  15 orc warriors (D)
  A black bear (D)
  2 wolves (D)
  2 centaurs (D)
  A kobold brigand (D)
  A howler monkey (D)
  2 hounds (D)
  3 orc priests (D)
  An orc wizard (D)
  An adder (D)
  4 worms (D)
  6 orcs (D)
  A ball python (D)
  A giant cockroach (D)
  3 quokkas (D)
84 creatures vanquished.

Notes
Turn   | Place    | Note
-------+----------+-------------------------------------------
     0 | D        | 123456 the Minotaur Fighter began the quest for the Orb.
     0 | D        | Reached XP level 1. HP: 19/19 MP: 0/0
    13 | D        | Reached skill level 1 in Dodging
    68 | D        | Noticed a hound
    68 | D        | Noticed a hound
    71 | D        | Reached XP level 2. HP: 28/28 MP: 1/1
    75 | D        | Reached skill level 5 in Maces & Flails
    75 | D        | Reached XP level 3. HP: 34/37 MP: 2/2
    78 | D        | Reached skill level 5 in Armour
    78 | D        | Reached XP level 4. HP: 37/45 MP: 3/3
    84 | D        | Found a snail-covered altar of Cheibriados.
    84 | D        | Found a shadowy altar of Dithmenos.
    84 | D        | Found a white marble altar of Elyvilon.
    84 | D        | Found a blossoming altar of Fedhas.
    84 | D        | Found an opulent altar of Gozag.
    85 | D        | Found a hazy altar of Hepliaklqana.
    86 | D        | Found a viscous altar of Jiyva.
    87 | D        | Found an ancient bone altar of Kikubaaqudgha.
    88 | D        | Found a corrupted altar of Lugonu.
    89 | D        | Found a burning altar of Makhleb.
    90 | D        | Found a sparkling altar of Nemelex Xobeh.
    91 | D        | Found an iron altar of Okawaru.
    92 | D        | Found a stormy altar of Qazlal.
    93 | D        | Found a sacrificial altar of Ru.
    94 | D        | Found a shimmering blue altar of Sif Muna.
    95 | D        | Found a bloodstained altar of Trog.
    96 | D        | Found a hide-covered altar of Uskayaw.
    97 | D        | Found a radiant altar of Vehumet.
    98 | D        | Found an ornate altar of the Wu Jian Council.
    99 | D        | Became a worshipper of Warmaster Okawaru
   102 | D        | Found a shimmering altar of Xom.
   103 | D        | Found a basalt altar of Yredelemnul.
   104 | D        | Found a glowing silver altar of Zin.
   105 | D        | Found a glowing golden altar of the Shining One.
   121 | D        | Got the +2 morningstar "Pireddia" {holy, Contam rElec rPois
                  | Stlth+}
   152 | D        | Noticed a centaur
   152 | D        | Noticed a kobold brigand
   152 | D        | Noticed a vampire
   152 | D        | Noticed a centaur
   152 | D        | Noticed a yak
   157 | D        | Killed a centaur
   158 | D        | Reached XP level 5. HP: 45/53 MP: 4/4
   160 | D        | Reached skill level 5 in Dodging
   163 | D        | Killed a vampire
   163 | D        | Reached * piety under Okawaru
   164 | D        | Reached skill level 10 in Fighting
   164 | D        | Reached XP level 6. HP: 45/67 MP: 5/5
   171 | D        | Reached skill level 10 in Maces & Flails
   180 | D        | Killed a yak
   180 | D        | Reached ** piety under Okawaru
   181 | D        | Reached XP level 7. HP: 50/74 MP: 6/6
   292 | D        | Noticed a wraith
   292 | D        | Noticed a deep elf pyromancer
   292 | D        | Noticed a basilisk
   292 | D        | Noticed a vampire mosquito
   292 | D        | Noticed a troll
   292 | D        | Noticed a vampire
   296 | D        | Killed a wraith
   299 | D        | Noticed a fire elemental
   301 | D        | Killed a deep elf pyromancer
   301 | D        | Reached *** piety under Okawaru
   302 | D        | Reached XP level 8. HP: 68/86 MP: 7/7
   310 | D        | Reached skill level 10 in Armour
   311 | D        | Killed a troll
   583 | D        | Gained mutation: Your muscles are strong. (Str +4, Int/Dex
                  | -1) [potion of mutation]
   583 | D        | Gained mutation: Your spells are a little harder to cast,
                  | but a little more powerful. [potion of mutation]
   584 | D        | Noticed a komodo dragon
   584 | D        | Noticed a cane toad
   584 | D        | Noticed a komodo dragon
   599 | D        | Killed a komodo dragon
   600 | D        | Reached XP level 9. HP: 61/96 MP: 8/8
   602 | D        | Reached **** piety under Okawaru
   604 | D        | Killed a cane toad
   605 | D        | Reached skill level 15 in Fighting
   607 | D        | Killed a komodo dragon
   608 | D        | Reached skill level 15 in Maces & Flails
   616 | D        | Noticed a komodo dragon
   619 | D        | Reached skill level 10 in Dodging
   628 | D        | Killed a komodo dragon
   803 | D        | Noticed a cane toad
   803 | D        | Noticed a komodo dragon
   803 | D        | Noticed a catoblepas
   971 | D        | Killed a catoblepas
   971 | D        | Reached ***** piety under Okawaru
   971 | D        | Received a gift from Okawaru
   972 | D        | Reached XP level 10. HP: 71/108 MP: 9/9
   991 | D        | Killed a cane toad
   992 | D        | Noticed a cane toad
  1012 | D        | Killed a cane toad
  1268 | D        | Noticed a lindwurm
  1268 | D        | Noticed a lindwurm
  1278 | D        | Killed a lindwurm
  1289 | D        | Killed a lindwurm
  1692 | D        | Noticed an orc high priest
  1701 | D        | Killed an orc high priest
  1731 | D        | Reached XP level 11. HP: 73/121 MP: 10/10
  1919 | D        | Noticed an orc knight
  1932 | D        | Killed an orc knight
  1932 | D        | Reached ****** piety under Okawaru
  1933 | D        | Reached skill level 1 in Invocations
  1953 | D        | Identified the +1 chain mail of Cyanasa {rPois rF- Str-2
                  | SInv} (Okawaru gifted it to you in the Dungeon)
  1953 | D        | Received a gift from Okawaru
  2260 | D        | Found Monuwu Imye's Magic Scroll Emporium.
  2260 | D        | Noticed an orc high priest
  2260 | D        | Noticed an orc knight
  2260 | D        | Noticed an orc high priest
  2260 | D        | Noticed an orc high priest
  2260 | D        | Noticed an orc high priest
  2261 | D        | Noticed an orc knight
  2267 | D        | Killed an orc high priest
  2268 | D        | Noticed an orc knight
  2270 | D        | Noticed a sixfirhy
  2270 | D        | Killed an orc knight
  2271 | D        | Found Ryrchig's Assorted Antiques.
  2271 | D        | Noticed an orc high priest
  2276 | D        | Killed an orc high priest
  2277 | D        | Noticed an orc knight
  2284 | D        | Killed an orc high priest
  2285 | D        | Found Pentig's Book Emporium.
  2287 | D        | Noticed an orc high priest
  2294 | D        | Killed an orc high priest
  2295 | D        | Found Liwnyinu's Magic Scroll Shoppe.
  2295 | D        | Noticed an orc high priest
  2305 | D        | Killed an orc knight
  2307 | D        | HP: 5/124 [orc knight/+0 great mace (13)]
  2315 | D        | Killed an orc knight
  2319 | D        | Killed an orc high priest
  2320 | D        | Noticed an orc knight
  2323 | D        | Noticed an orc knight
  2330 | D        | HP: 6/124 [orc high priest/divine providence (15)]
  2330 | D        | Killed an orc knight
  2331 | D        | Reached skill level 5 in Invocations
  2337 | D        | Killed an orc high priest
  2338 | D        | Reached skill level 15 in Armour
  2345 | D        | Killed an orc high priest
  2348 | D        | HP: 1/126 [orc knight/+1 great mace (13)]
  2352 | D        | Demolished by an orc knight

Illustrated notes

Levels and vault maps discovered:
D:        linesprint [early_d, line_temple, items_1, d_10, items_2, lair_1,
          lair_end, items_3, orc_1, orc_end, items_4, d_15, swamp_1, shoals_1,
          snake_1, spider_1, d_20, vaults_1, items_5, swamp_end, shoals_end,
          snake_end, spider_end, vaults_end, d_27, items_6, zot_1, zot_end,
          crypt_end, forest_end, elf_end, slime_end, tomb_end, abyss_end,
          pan_hell_end]

Skill      XL: |  1  2  3  4  5  6  7  8  9 10 11 |
---------------+----------------------------------+-----
Fighting       | 4 6 8 10 11 13 14 16 18 20 | 20.7
Maces & Flails | 3 5 6 7 9 11 12 14 16 18 20 | 20.3
Dodging        | 1 2 3 4 6 8 9 10 12 13 | 13.5
Armour         | 4 5 6 7 8 9 10 12 13 15 | 15.1
Invocations    | 5 |  5.6
Shields        | |  3.6

Action                   |  1- 3 |  4- 6 |  7- 9 | 10-12 || total
-------------------------+-------+-------+-------+-------++-------
Melee: Flail             |    26 |     1 |       |       ||    27
       Headbutt          |     5 |     7 |    18 |    49 ||    79
       Morningstar       |       |    25 |    79 |   213 ||   317
Invok: Heroism           |       |       |       |     5 ||     5
       Finesse           |       |       |       |     1 ||     1
  Use: Scroll            |       |       |     4 |       ||     4
       Potion            |       |       |     1 |    15 ||    16
Armor: Scale mail        |    17 |     1 |       |       ||    18
       Chain mail        |       |    21 |    37 |    51 ||   109
Dodge: Dodged            |     9 |    12 |    26 |    81 ||   128
Block: Buckler           |     6 |     6 |    13 |    42 ||    67

Table legend: (Time is in decaauts)
 A = Elapsed time spent in this place.
 B = Non-inter-level travel time spent in this place.
 C = Inter-level travel time spent in this place.
 D = Time resting spent in this place.
 E = Time spent auto-exploring this place.
 F = Levels seen in this place.
 G = Mean time per level.
                   A        B        C        D        E       F      G
               +--------+--------+--------+--------+--------+-----+--------+
         Total |   2282 |   2282 |      0 |    956 |    781 |   1 | 2282.0 |
       Dungeon |   2282 |   2282 |      0 |    956 |    781 |   1 | 2282.0 |
               +--------+--------+--------+--------+--------+-----+--------+

Top non-repeatable levels by time:
       D: 2282 daAuts
